| TOP OF THE 1ST |
|
Chicago White Sox batting - Pitching for Montreal Expos : RHP Cheng-ho Hsu
|
|
Pitching: RHP Cheng-ho Hsu
|
|
|
Batting: RHB Dieter Knoops
|
0-0: Ball 1-0: Called Strike 1-1: Ball 2-1: Swinging Strike 2-2: Ball 3-2: Strikes out swinging
|
|
Batting: SHB Marvin McAleer
|
0-0: Ball 1-0: Swinging Strike 1-1: Ball 2-1: Ball 3-1: Called Strike 3-2: Foul Ball, location: 2F 3-2: Strikes out looking
|
|
Batting: RHB Joseph Disepolo
|
0-0: Ball 1-0: Ball 2-0: Ground out U3 (Groundball, 34S, EV 78.8 MPH)
|
| Top of the 1st over - 0 runs, 0 hits, 0 errors, 0 left on base; Chicago 0 - Montreal 0 |
| BOTTOM OF THE 1ST |
|
Montreal Expos batting - Pitching for Chicago White Sox : RHP Ricky Salas
|
|
Pitching: RHP Ricky Salas
|
|
|
Batting: LHB Bill McGregor
|
0-0: Ground out 4-3 (Groundball, 4, EV 85.6 MPH)
|
|
Batting: LHB Mark Marvin
|
0-0: Ground out 6-3 (Groundball, 6M, EV 76.9 MPH)
|
|
Batting: SHB Joey Pacheco
|
0-0: Ball 1-0: Foul Ball, location: 2F 1-1: Called Strike 1-2: Ball 2-2: Ball 3-2: Foul Ball, location: 2F 3-2: Strikes out swinging
|
| Bottom of the 1st over - 0 runs, 0 hits, 0 errors, 0 left on base; Chicago 0 - Montreal 0 |
| TOP OF THE 2ND |
|
Chicago White Sox batting - Pitching for Montreal Expos : RHP Cheng-ho Hsu
|
|
Batting: LHB Randy Rosenberry
|
0-0: Called Strike 0-1: Foul Ball, location: 2F 0-2: Ball 1-2: Ball 2-2: Ground out 4-3 (Groundball, 4, EV 85.0 MPH)
|
|
Batting: RHB Dietmar Warmisch
|
0-0: Foul Ball, location: 2F 0-1: Ball 1-1: Ball 2-1: Swinging Strike 2-2: Foul Ball, location: 2F 2-2: DOUBLE (Line Drive, 3D, EV 96.2 MPH)
|
|
Batting: SHB Jonathan Jenkins
|
0-0: Foul Ball, location: 2F 0-1: Swinging Strike 0-2: Ball 1-2: Foul Ball, location: 2F 1-2: Strikes out swinging
|
|
Batting: LHB Angel Tellez
|
0-0: Called Strike 0-1: Swinging Strike 0-2: Foul Ball, location: 2F 0-2: Foul Ball, location: 2F 0-2: DOUBLE (Line Drive, 3D, EV 105.6 MPH) Dietmar Warmisch scores
|
|
Batting: RHB Rich Stinson
|
0-0: Ball 1-0: Ball 2-0: Called Strike 2-1: Ground out 5-3 (Groundball, 5S, EV 70.6 MPH)
|
| Top of the 2nd over - 1 run, 2 hits, 0 errors, 1 left on base; Chicago 1 - Montreal 0 |
| BOTTOM OF THE 2ND |
|
Montreal Expos batting - Pitching for Chicago White Sox : RHP Ricky Salas
|
|
Batting: LHB Austin Ohmer
|
0-0: Ground out 6-3 (Groundball, 6, EV 88.1 MPH)
|
|
Batting: RHB Steve French
|
0-0: Called Strike 0-1: Ball 1-1: Ball 2-1: Called Strike 2-2: Foul Ball, location: 2F 2-2: Foul Ball, location: 2F 2-2: Strikes out swinging
|
|
Batting: LHB Steve Anderson
|
0-0: Called Strike 0-1: Ball 1-1: Called Strike 1-2: Ball 2-2: Ground out 6-3 (Groundball, 6, EV 98.1 MPH)
|
| Bottom of the 2nd over - 0 runs, 0 hits, 0 errors, 0 left on base; Chicago 1 - Montreal 0 |
| TOP OF THE 3RD |
|
Chicago White Sox batting - Pitching for Montreal Expos : RHP Cheng-ho Hsu
|
|
Batting: LHB Sidney Pedder
|
0-0: Foul Ball, location: 2F 0-1: Ball 1-1: Ball 2-1: Called Strike 2-2: Fly out, F9 (Flyball, 9, EV 91.2 MPH)
|
|
Batting: RHB Dieter Knoops
|
0-0: Called Strike 0-1: SINGLE (Flyball, 4MD, EV 88.1 MPH)
|
|
Batting: SHB Marvin McAleer
|
0-0: Swinging Strike 0-1: Ball 1-1: Foul Ball, location: 2F 1-2: Strikes out swinging
|
|
Batting: RHB Joseph Disepolo
|
0-0: Ball 1-0: Ball 2-0: Ball 3-0: Called Strike 3-1: Base on Balls Dieter Knoops to second
|
|
Batting: LHB Randy Rosenberry
|
0-0: SINGLE (Groundball, 4D, EV 99.4 MPH) Dieter Knoops to third Joseph Disepolo to second Runner from 3rd tries for Home, SAFE, throw by CF to home
|
|
Batting: RHB Dietmar Warmisch
|
0-0: Called Strike 0-1: Swinging Strike 0-2: Strikes out swinging
|
| Top of the 3rd over - 1 run, 2 hits, 0 errors, 2 left on base; Chicago 2 - Montreal 0 |
| BOTTOM OF THE 3RD |
|
Montreal Expos batting - Pitching for Chicago White Sox : RHP Ricky Salas
|
|
Batting: RHB John Ham
|
0-0: Called Strike 0-1: Foul Ball, location: 2F 0-2: Ball 1-2: Ball 2-2: Ground out 6-3 (Groundball, 6MS, EV 90.6 MPH)
|
|
Batting: SHB Lou Kroneman
|
0-0: Called Strike 0-1: Ball 1-1: Ball 2-1: Swinging Strike 2-2: Ball 3-2: Base on Balls
|
|
Batting: RHB EugĂȘnio Asceno
|
0-0: Called Strike 0-1: Called Strike 0-2: Foul Ball, location: 2F 0-2: Ball 1-2: Ball 2-2: SINGLE (Line Drive, 4D, EV 95.6 MPH) Lou Kroneman to second
|
|
Batting: LHB Bill McGregor
|
0-0: Ball 1-0: Ball 2-0: Called Strike 2-1: Foul Ball, location: 2F 2-2: Strikes out swinging
|
|
Batting: LHB Mark Marvin
|
0-0: Called Strike 0-1: Swinging Strike 0-2: Strikes out swinging
|
| Bottom of the 3rd over - 0 runs, 1 hit, 0 errors, 2 left on base; Chicago 2 - Montreal 0 |
| TOP OF THE 4TH |
|
Chicago White Sox batting - Pitching for Montreal Expos : RHP Cheng-ho Hsu
|
|
Batting: SHB Jonathan Jenkins
|
0-0: Called Strike 0-1: SINGLE (Groundball, 34D, EV 106.2 MPH)
|
|
Batting: LHB Angel Tellez
|
0-0: Foul Ball, location: 2F 0-1: Foul Ball, location: 2F 0-2: Ball 1-2: Strikes out swinging
|
|
Batting: RHB Rich Stinson
|
0-0: Called Strike 0-1: Ball 1-1: Fly out, F7 (Line Drive, 78M, EV 98.8 MPH)
|
|
Batting: LHB Sidney Pedder
|
0-0: Foul Ball, location: 2F 0-1: Foul Ball, location: 2F 0-2: Strikes out swinging
|
| Top of the 4th over - 0 runs, 1 hit, 0 errors, 1 left on base; Chicago 2 - Montreal 0 |
| BOTTOM OF THE 4TH |
|
Montreal Expos batting - Pitching for Chicago White Sox : RHP Ricky Salas
|
|
Batting: SHB Joey Pacheco
|
0-0: Called Strike 0-1: Fly out, F8 (Line Drive, 8RS, EV 104.4 MPH)
|
|
Batting: LHB Austin Ohmer
|
0-0: Ground out 4-3 (Groundball, 4, EV 78.8 MPH)
|
|
Batting: RHB Steve French
|
0-0: Ball 1-0: SOLO HOME RUN (Flyball, 7LD, EV 109.4 MPH), Distance : 422 ft
|
|
Batting: LHB Steve Anderson
|
0-0: Called Strike 0-1: Ball 1-1: Foul Ball, location: 2F 1-2: Foul Ball, location: 2F 1-2: Foul Ball, location: 2F 1-2: Foul Ball, location: 2F 1-2: Fly out, F9 (Flyball, 9LM, EV 75.0 MPH)
|
| Bottom of the 4th over - 1 run, 1 hit, 0 errors, 0 left on base; Chicago 2 - Montreal 1 |
| TOP OF THE 5TH |
|
Chicago White Sox batting - Pitching for Montreal Expos : RHP Cheng-ho Hsu
|
|
Batting: RHB Dieter Knoops
|
0-0: Ground out 5-3 (Groundball, 56S, EV 91.9 MPH)
|
|
Batting: SHB Marvin McAleer
|
0-0: Called Strike 0-1: Ball 1-1: Foul Ball, location: 2F 1-2: TRIPLE (Flyball, 89XD, EV 97.5 MPH)
|
|
Batting: RHB Joseph Disepolo
|
0-0: Ball 1-0: Swinging Strike 1-1: Ball 2-1: Foul Ball, location: 2F 2-2: Hit by Pitch
|
|
Batting: LHB Randy Rosenberry
|
0-0: Ball 1-0: Ball 2-0: Foul Ball, location: 2F 2-1: Fly out, F5 (Popup, 25F, EV 87.5 MPH)
|
|
Batting: RHB Dietmar Warmisch
|
0-0: Ball 1-0: Ball Wild Pitch! Marvin McAleer scores Joseph Disepolo to second 2-0: Ball 3-0: Called Strike 3-1: Foul Ball, location: 2F 3-2: Base on Balls
|
|
Batting: SHB Jonathan Jenkins
|
0-0: Swinging Strike 0-1: Foul Ball, location: 2F 0-2: Ball 1-2: Strikes out swinging
|
| Top of the 5th over - 1 run, 1 hit, 0 errors, 2 left on base; Chicago 3 - Montreal 1 |
| BOTTOM OF THE 5TH |
|
Montreal Expos batting - Pitching for Chicago White Sox : RHP Ricky Salas
|
|
Batting: RHB John Ham
|
0-0: Foul Ball, location: 2F 0-1: Ball 1-1: Called Strike 1-2: Strikes out swinging
|
|
Batting: SHB Lou Kroneman
|
0-0: Foul Ball, location: 2F 0-1: Foul Ball, location: 2F 0-2: Foul Ball, location: 2F 0-2: Ground out 1-3 (Groundball, 13S, EV 70.6 MPH)
|
|
Batting: RHB EugĂȘnio Asceno
|
0-0: Ball 1-0: Ground out 6-3 (Groundball, 56D, EV 83.1 MPH)
|
| Bottom of the 5th over - 0 runs, 0 hits, 0 errors, 0 left on base; Chicago 3 - Montreal 1 |
| TOP OF THE 6TH |
|
Chicago White Sox batting - Pitching for Montreal Expos : RHP Cheng-ho Hsu
|
|
Batting: LHB Angel Tellez
|
0-0: Ground out U3 (Groundball, 3L, EV 90.0 MPH)
|
|
Batting: RHB Rich Stinson
|
0-0: Swinging Strike 0-1: Ground out 5-3 (Groundball, 56, EV 80.6 MPH)
|
|
Batting: LHB Sidney Pedder
|
0-0: Called Strike 0-1: Called Strike 0-2: Foul Ball, location: 2F 0-2: Strikes out swinging
|
| Top of the 6th over - 0 runs, 0 hits, 0 errors, 0 left on base; Chicago 3 - Montreal 1 |
| BOTTOM OF THE 6TH |
|
Montreal Expos batting - Pitching for Chicago White Sox : RHP Ricky Salas
|
|
Batting: LHB Bill McGregor
|
0-0: Ball 1-0: Called Strike 1-1: Ball 2-1: Ball 3-1: Base on Balls
|
|
Batting: LHB Mark Marvin
|
0-0: Ball Bill McGregor steals 2nd base (no throw) 1-0: Called Strike 1-1: Foul Ball, location: 2F 1-2: Ground out 6-3 (Groundball, 6M, EV 109.4 MPH) Bill McGregor to third
|
|
Batting: SHB Joey Pacheco
|
0-0: Ball 1-0: Foul Ball, location: 2F 1-1: Swinging Strike 1-2: Ball 2-2: Foul Ball, location: 2F 2-2: Strikes out looking
|
|
Batting: LHB Austin Ohmer
|
0-0: Ball 1-0: Called Strike 1-1: Ball 2-1: Foul Ball, location: 2F 2-2: Ball 3-2: Base on Balls
|
|
Batting: RHB Steve French
|
0-0: Ball 1-0: Ball 2-0: Foul Ball, location: 2F 2-1: Fielders Choice at 2nd, 5-4 (Groundball, 56, EV 85.0 MPH)
|
| Bottom of the 6th over - 0 runs, 0 hits, 0 errors, 2 left on base; Chicago 3 - Montreal 1 |
| TOP OF THE 7TH |
|
Chicago White Sox batting - Pitching for Montreal Expos : RHP Cheng-ho Hsu
|
|
Pitching: RHP Nelson Dawson
|
|
|
Batting: RHB Dieter Knoops
|
0-0: Ground out 5-3 (Groundball, 56, EV 108.1 MPH)
|
|
Batting: SHB Marvin McAleer
|
0-0: Ball 1-0: Foul Ball, location: 2F 1-1: Foul Ball, location: 2F 1-2: Ball 2-2: Ground out U3 (Groundball, 3, EV 96.9 MPH)
|
|
Batting: RHB Joseph Disepolo
|
0-0: Ball 1-0: Ball 2-0: Called Strike 2-1: Ball 3-1: Foul Ball, location: 2F 3-2: Foul Ball, location: 2F 3-2: Base on Balls
|
|
Batting: LHB Randy Rosenberry
|
0-0: Ball Joseph Disepolo is caught stealing 2nd base 2-6
|
| Top of the 7th over - 0 runs, 0 hits, 0 errors, 0 left on base; Chicago 3 - Montreal 1 |
| BOTTOM OF THE 7TH |
|
Montreal Expos batting - Pitching for Chicago White Sox : RHP Ricky Salas
|
|
Batting: LHB Steve Anderson
|
0-0: SINGLE (Line Drive, 8LS, EV 92.5 MPH)
|
|
Batting: RHB John Ham
|
0-0: Called Strike 0-1: Fielders Choice at 2nd, 5-4 (Groundball, 56, EV 105.6 MPH)
|
|
Batting: SHB Lou Kroneman
|
Pickoff Throw to First - Out! 1-3 0-0: Ball 1-0: Ball 2-0: Ball 3-0: Ground out U3 (Groundball, 3, EV 86.2 MPH)
|
| Bottom of the 7th over - 0 runs, 1 hit, 0 errors, 0 left on base; Chicago 3 - Montreal 1 |
| TOP OF THE 8TH |
|
Chicago White Sox batting - Pitching for Montreal Expos : RHP Nelson Dawson
|
|
Batting: LHB Randy Rosenberry
|
0-0: Swinging Strike 0-1: Ball 1-1: Foul Ball, location: 2F 1-2: Ground out 1-3 (Groundball, 34S, EV 69.4 MPH)
|
|
Batting: RHB Dietmar Warmisch
|
0-0: Called Strike 0-1: Foul Ball, location: 2F 0-2: Strikes out swinging
|
|
Batting: SHB Jonathan Jenkins
|
0-0: Ground out U3 (Groundball, 3S, EV 77.5 MPH)
|
| Top of the 8th over - 0 runs, 0 hits, 0 errors, 0 left on base; Chicago 3 - Montreal 1 |
| BOTTOM OF THE 8TH |
|
Montreal Expos batting - Pitching for Chicago White Sox : RHP Ricky Salas
|
|
Batting: RHB EugĂȘnio Asceno
|
0-0: Ball 1-0: Called Strike 1-1: Ground out 5-3 (Groundball, 56, EV 79.4 MPH)
|
|
Batting: LHB Bill McGregor
|
0-0: Called Strike 0-1: Ball 1-1: Ball 2-1: DOUBLE (Line Drive, 78XD, EV 99.4 MPH)
|
|
Batting: LHB Mark Marvin
|
0-0: Called Strike 0-1: Ball 1-1: Foul Ball, location: 2F 1-2: Ground out U3 (Groundball, 3, EV 90.6 MPH) Bill McGregor to third
|
|
Pitching: LHP Rhett Beers
|
|
|
Batting: SHB Joey Pacheco
|
0-0: Swinging Strike 0-1: Ball 1-1: DOUBLE (Line Drive, 5D, EV 96.2 MPH) Bill McGregor scores
|
|
Batting: LHB Austin Ohmer
|
0-0: Called Strike 0-1: Swinging Strike 0-2: Foul Ball, location: 2F 0-2: Foul Ball, location: 2F 0-2: Ball 1-2: Ball 2-2: Ground out U3 (Groundball, 3, EV 77.5 MPH)
|
| Bottom of the 8th over - 1 run, 2 hits, 0 errors, 1 left on base; Chicago 3 - Montreal 2 |
| TOP OF THE 9TH |
|
Chicago White Sox batting - Pitching for Montreal Expos : RHP Nelson Dawson
|
|
Pitching: RHP Joel Montenegro
|
|
|
Batting: LHB Angel Tellez
|
0-0: Foul Ball, location: 2F 0-1: Foul Ball, location: 2F 0-2: Ball 1-2: Foul Ball, location: 2F 1-2: Fly out, F6 (Popup, 6, EV 63.1 MPH)
|
|
Batting: RHB Rich Stinson
|
0-0: Ball 1-0: Ball 2-0: Fly out, F9 (Flyball, 9, EV 96.2 MPH)
|
|
Batting: LHB Sidney Pedder
|
0-0: SINGLE (Groundball, 4M, EV 85.6 MPH) (infield hit)
|
|
Batting: RHB Dieter Knoops
|
0-0: SINGLE (Line Drive, 89S, EV 100.6 MPH) Sidney Pedder to second Runner from 2nd tries for 3rd, SAFE, throw by CF made to third
|
|
Batting: SHB Marvin McAleer
|
0-0: Called Strike 0-1: Ball 1-1: Ball 2-1: Ball 3-1: Base on Balls Dieter Knoops to second
|
|
Batting: RHB Joseph Disepolo
|
0-0: Called Strike 0-1: Ball 1-1: Foul Ball, location: 2F 1-2: Ball 2-2: Ball 3-2: Base on Balls Sidney Pedder scores Dieter Knoops to third Marvin McAleer to second
|
|
Batting: LHB Randy Rosenberry
|
0-0: Fielders Choice at 2nd, 6-4 (Groundball, 6, EV 78.8 MPH)
|
| Top of the 9th over - 1 run, 2 hits, 0 errors, 3 left on base; Chicago 4 - Montreal 2 |
| BOTTOM OF THE 9TH |
|
Montreal Expos batting - Pitching for Chicago White Sox : LHP Rhett Beers
|
|
Batting: RHB Steve French
|
0-0: Ball 1-0: Ball 2-0: Ball 3-0: Ground out U3 (Groundball, 3S, EV 86.9 MPH)
|
|
Pinch Hitting: RHB Tommy Mize
|
0-0: Foul Ball, location: 2F 0-1: Foul Ball, location: 2F 0-2: Strikes out swinging
|
|
Batting: RHB John Ham
|
0-0: Swinging Strike 0-1: Called Strike 0-2: Ball 1-2: Ball 2-2: Foul Ball, location: 2F 2-2: Ball 3-2: SINGLE (Line Drive, 34D, EV 102.5 MPH)
|
|
Batting: SHB Lou Kroneman
|
0-0: Called Strike 0-1: Swinging Strike 0-2: Ground out 5-3 (Groundball, 5L, EV 84.4 MPH)
|
| Bottom of the 9th over - 0 runs, 1 hit, 0 errors, 1 left on base; Chicago 4 - Montreal 2 |
|